 Dungeon Crawl Stone Soup version 0.28.0-53-g5a82cb258f (webtiles) character file.

Game seed: 9974544683180458774

14051 Gabide the Impaler (level 12, -3/70 HPs)
             Began as a Tengu Monk on June 3, 2022.
             Was a High Priest of Hepliaklqana.
             Slain by a cane toad (20 damage)
             ... on level 2 of the Lair of Beasts.
             The game lasted 00:27:29 (12787 turns).

Gabide the Impaler (Tengu Monk)                    Turns: 12787, Time: 00:27:30

Health: -3/70      AC: 10    Str: 11    XL:     12   Next: 12%
Magic:  13/13      EV: 18    Int: 11    God:    Hepliaklqana [*****.]
Gold:   631        SH:  0    Dex: 22    Spells: 11/11 levels left

rFire   + . .      SeeInvis .   a - +1 bardiche (vorpal)
rCold   . . .      Faith    .   (shield currently unavailable)
rNeg    . . .      Spirit   .   s - +1 scale mail {rF+}
rPois   +          Reflect  .   n - +1 hat {Will+}
rElec   .          Harm     .   r - +0 cloak
rCorr   +          Rampage  .   A - +0 pair of gloves
Will    +....                   (boots unavailable)
Stlth   +.........              (no amulet)
HPRegen 0.21/turn               k - ring of poison resistance
MPRegen 0.13/turn               t - ring of resist corrosion

@: flying quickly and evasively, quick
A: reduced essence, beak, talons 3, nimble flight
a: Renounce Religion, Recall Ancestor, Ancestor Identity, Transference, Idealise


You were on level 2 of the Lair of Beasts.
You worshipped Hepliaklqana.
Hepliaklqana was extremely pleased with you.
You visited 2 branches of the dungeon, and saw 10 of its levels.
You also visited: Bailey.

You collected 664 gold pieces.
You spent 33 gold pieces at shops.

Inventory:

Hand Weapons
 a - a +1 vorpal bardiche (weapon)
 p - a +0 trident
Missiles
 d - 5 javelins (quivered)
 G - a throwing net
Armour
 n - a +1 hat of willpower (worn)
 r - a +0 cloak (worn)
 s - a +1 scale mail of fire resistance (worn)
 A - a +0 pair of gloves (worn)
Jewellery
 k - a ring of poison resistance (left hand)
 t - a ring of resist corrosion (right hand)
 C - a +6 ring of dexterity
 I - an amulet of regeneration
Wands
 b - a wand of flame (23)
 h - a wand of paralysis (4)
 l - a wand of digging (7)
 y - a wand of iceblast (9)
 F - a wand of polymorph (7)
Scrolls
 e - 4 scrolls of teleportation
 f - 2 scrolls of magic mapping
 j - a scroll of vulnerability {unknown}
 m - 2 scrolls of fog
 o - a scroll of noise {unknown}
 q - 2 scrolls of enchant armour {unknown}
 u - a scroll of enchant weapon {unknown}
 w - a scroll of brand weapon {unknown}
 x - a scroll of fear
 B - a scroll of holy word {unknown}
 E - 3 scrolls of identify
Potions
 c - 6 potions of curing
 g - 4 potions of mutation
 i - 2 potions of heal wounds
 v - a potion of might {unknown}
 z - a potion of experience {unknown}
 D - a potion of ambrosia {unknown}
 H - 2 potions of haste {unknown}
 J - a potion of attraction {unknown}


   Skills:
 + Level 10.4 Fighting
 + Level 17.8 Polearms
 + Level 11.4 Dodging
 - Level 2.0 Stealth


You had 11 spell levels left.
You didn't know any spells.
Your spell library contained the following spells:

 Spells                   Type           Power      Damage    Failure   Level
 Animate Skeleton         Necr           0%         N/A       92%         1
 Apportation              Tloc           0%         N/A       92%         1
 Summon Small Mammal      Summ           0%         N/A       92%         1
 Ensorcelled Hibernation  Hex/Ice        0%         N/A       98%         2
 Lesser Beckoning         Tloc           0%         N/A       100%        3
 Cause Fear               Hex            0%         N/A       100%        4
 Passage of Golubria      Tloc           0%         N/A       100%        4
 Freezing Cloud           Conj/Ice/Air   0%         6-21      100%        5
 Silence                  Hex/Air        0%         N/A       100%        5
 Simulacrum               Ice/Necr       0%         N/A       100%        6
 Polar Vortex             Ice            0%         N/A       100%        9


Dungeon Overview and Level Annotations

Branches:
Dungeon (8/15)             Temple (0/1) D:4            Lair (2/6) D:8
 Bailey (visited)
  Swamp: Lair:2-4    Shoals: Lair:2-4     Snake: Lair:2-4    Spider: Lair:2-4

Altars:
Hepliaklqana
Wu Jian

Shops:
D:3 *

Annotations:
D:7 1 runed translucent door, kalagan's ghost, novice DECj


Innate Abilities, Weirdness & Mutations

Your life essence is reduced to manifest your ancestor. (-10% HP)
You have a beak for a mouth.
You have claws for feet.
Your magical nature lets you fly swiftly and evasively.


Message History

Press: ? - help, Q - select action, (/) - cycle Shift-Dir - straight line, f/p - komodo dragon
Aim: a komodo dragon (severely wounded, ally target, 74% to hit)
You throw a javelin. Miloska avoids your attack.
The javelin pierces through the komodo dragon!
The komodo dragon is almost dead.
The komodo dragon bites Miloska but does no damage.
Miloska hits the komodo dragon with a +0 flail!
The komodo dragon dies!
Throw: 6 javelins
Press: ? - help, Q - select action, (/) - cycle Shift-Dir - straight line, f - polar bear
Aim: a polar bear (water, 74% to hit)
You throw a javelin.
The javelin barely misses the polar bear.
You hear a splash.
Miloska hits the polar bear with a +0 flail!
Reach: a) +1 bardiche (vorpal)
Press: ? - help, Dir - move target, f/p - polar bear
Aim: a polar bear (water, lightly wounded, ally target, about 25% to evade your +1 vorpal bardiche)
You reach to attack!
You barely miss the polar bear.
The polar bear is lightly wounded.
Miloska hits the polar bear with a +0 flail!
Miloska hits the polar bear but does no damage.
Reach: a) +1 bardiche (vorpal)
Press: ? - help, Dir - move target, f/p - polar bear
Aim: a polar bear (heavily wounded, ally target, about 25% to evade your +1 vorpal bardiche)
You reach to attack!
You slice the polar bear!!
You kill the polar bear!
Reach: a) +1 bardiche (vorpal)
Press: ? - help, Dir - move target, f - cane toad
Aim: a cane toad (thin mist, about 28% to evade your +1 vorpal bardiche)
You reach to attack!
You hit the cane toad.
The cane toad is lightly wounded.
The cane toad completely misses you.
The cane toad stings Miloska but does no damage.
The cane toad stings you!
* * * LOW HITPOINT WARNING * * *
Miloska blocks the cane toad's attack.
Miloska blocks the cane toad's attack.
The cane toad stings you!!
You die...

.......###.....###....#..........
.......##.#.....8................
............#........#...........
.............#..>.###............
..............#.#.#..............
.................................
...............(.................
.................................
..........FR...F@......(.........
.......###.#P###...#####.......##
.....### ##### ##### ##......##
.....# #......## ....R##
##......# ......# #......##
......### ## ###.....#
....>.P.##.###### #...[...##
....รท............ ..........#


You could see the friendly Miloska the knight and 2 cane toads.

Vanquished Creatures
  Harold (Lair:1)
  A two-headed ogre (D:8)
  Erica (Lair:2)
  An orc knight (Bailey)
  A cane toad (Lair:1)
  A black mamba (Lair:2)
  2 komodo dragons
  2 polar bears (Lair:2)
  10 yaks
  Menkaure (D:4)
  An acid dragon (D:8)
  5 water moccasins
  Duvessa (D:5)
  An orc warrior (Bailey)
  An ogre (D:6)
  2 centaurs
  2 wolves (Lair:1)
  3 scorpions
  5 bullfrogs
  A wyvern zombie (D:7)
  Dowan (D:5)
  2 killer bees (D:7)
  8 wights
  A howler monkey (D:5)
  An electric eel (Lair:1)
  3 hounds
  2 orc wizards (D:8)
  A scorpion zombie (D:5)
  A gnoll (D:1)
  5 adders
  2 white imps
  An ufetubus (D:7)
  3 worms
  14 orcs
  5 endoplasms
  8 giant cockroaches (D:1)
  6 goblins
  6 hobgoblins
  3 jackals
  3 quokkas
  8 ball pythons
  4 bats
  A frilled lizard (D:2)
  9 kobolds
  2 rats
143 creatures vanquished.

Vanquished Creatures (collateral kills)
  Gastronok (D:8)
  A hydra (Lair:1)
  Urug (Lair:1)
  A black mamba (Lair:2)
  A komodo dragon (Lair:2)
  A cane toad (Lair:1)
  Sigmund (D:5)
  Grum (Lair:1)
  6 yaks (Lair:2)
  Edmund (D:4)
  3 orc warriors
  An ice beast (D:5)
  A hornet zombie (D:8)
  2 ogres
  A phantom (D:5)
  Blork the orc (D:6)
  A bullfrog (D:8)
  3 scorpions (D:5)
  A water moccasin zombie (D:6)
  2 killer bees (D:7)
  3 wights
  2 jellies
  A hound (D:6)
  4 orc priests
  3 iguanas
  3 orc wizards
  A killer bee zombie (D:8)
  3 gnolls (Bailey)
  A howler monkey zombie (D:6)
  2 adders
  A white imp (D:5)
  An ufetubus (D:5)
  7 orcs
  An endoplasm (D:3)
  A giant cockroach (D:2)
  5 goblins
  2 hobgoblins
  5 jackals
  7 kobolds
  3 quokkas (D:4)
  A ball python (D:2)
  A bat (D:3)
  A rat (D:2)
90 creatures vanquished.

Vanquished Creatures (others)
  8 knights
  A fungus (Lair:2)
  4 plants (Lair:2)
13 creatures vanquished.

Grand Total: 246 creatures vanquished

Notes
Turn   | Place    | Note
-------+----------+-------------------------------------------
     0 | D:1      | Gabide the Tengu Monk began the quest for the Orb.
     0 | D:1      | Reached XP level 1. HP: 14/14 MP: 2/2
   190 | D:1      | Reached XP level 2. HP: 19/19 MP: 3/3
   609 | D:1      | Found a faded altar of an unknown god.
   673 | D:1      | Reached XP level 3. HP: 4/23 MP: 4/4
   937 | D:1      | Prayed at the altar of an unknown god.
   937 | D:1      | Became a worshipper of Hepliaklqana the Forgotten
   937 | D:1      | Reached * piety under Hepliaklqana
   937 | D:1      | Reached ** piety under Hepliaklqana
   938 | D:1      | Remembered your ancestor Miloska as a knight
  1317 | D:2      | Reached *** piety under Hepliaklqana
  1339 | D:2      | Reached skill level 4 in Polearms
  1410 | D:2      | Reached XP level 4. HP: 19/26 MP: 5/5
  2167 | D:3      | HP: 1/26 [acid (10)]
  2171 | D:3      | Gained mutation: Your magical nature lets you fly swiftly
                  | and evasively. [Tengu growth]
  2171 | D:3      | Reached XP level 5. HP: 1/29 MP: 3/6
  2900 | D:3      | Reached XP level 6. HP: 34/35 MP: 7/7
  2936 | D:3      | Found an ornate altar of the Wu Jian Council.
  3209 | D:3      | Found Seiraola's General Store.
  3221 | D:3      | Reached skill level 5 in Polearms
  3225 | D:3      | Bought a scroll of teleportation for 33 gold pieces
  3425 | D:4      | Found a staircase to the Ecumenical Temple.
  3427 | D:4      | Reached **** piety under Hepliaklqana
  3434 | D:4      | Reached skill level 5 in Dodging
  3481 | D:4      | Noticed Menkaure
  3491 | D:4      | Killed Menkaure
  3494 | D:4      | Reached skill level 5 in Fighting
  3624 | D:4      | Reached XP level 7. HP: 39/39 MP: 8/8
  3628 | D:4      | Noticed Edmund
  3647 | D:4      | Killed Edmund
  3915 | D:4      | Identified the +1 crystal plate armour "Feonewnuawk"
                  | {Int+4}
  4322 | D:5      | Entered Level 5 of the Dungeon
  4389 | D:5      | Reached skill level 6 in Polearms
  4472 | D:5      | Noticed Duvessa
  4500 | D:5      | Noticed Dowan
  4505 | D:5      | Killed Duvessa
  4506 | D:5      | Reached XP level 8. HP: 34/45 MP: 9/9
  4511 | D:5      | Killed Dowan
  5092 | D:5      | Reached skill level 7 in Polearms
  5144 | D:5      | Noticed Sigmund
  5151 | D:5      | Killed Sigmund
  5471 | D:6      | Noticed Blork the orc
  5479 | D:6      | Killed Blork the orc
  5480 | D:6      | Reached XP level 9. HP: 42/51 MP: 10/10
  5732 | D:6      | Reached skill level 8 in Polearms
  6122 | D:6      | Reached ***** piety under Hepliaklqana
  6343 | D:7      | Found a flagged portal.
  6589 | Bailey   | Entered a bailey
  6609 | Bailey   | Noticed an orc warlord
  6678 | Bailey   | Noticed an orc knight
  6691 | Bailey   | Killed an orc knight
  6698 | Bailey   | Reached skill level 9 in Polearms
  6835 | Bailey   | Found a runed translucent gate.
  6835 | Bailey   | Found a runed translucent gate.
  6835 | Bailey   | Found a runed translucent gate.
  7305 | Bailey   | Got Sif Muna's Grimoire of Quantum Malediction
  7335 | D:7      | Acquired a +1 vorpal bardiche
  7638 | D:7      | Reached skill level 10 in Polearms
  7905 | D:7      | Reached XP level 10. HP: 55/57 MP: 11/11
  8006 | D:7      | Noticed kalagan's ghost (novice DECj)
  8279 | D:7      | Reached skill level 11 in Polearms
  8542 | D:7      | Found a runed translucent door.
  8834 | D:8      | Noticed Gastronok
  8844 | D:8      | Killed Gastronok
  8845 | D:8      | Reached skill level 13 in Polearms
  8992 | D:8      | Reached skill level 14 in Polearms
  9390 | D:8      | Reached skill level 15 in Polearms
  9776 | D:8      | Reached skill level 16 in Polearms
 10010 | D:8      | Noticed a two-headed ogre
 10027 | D:8      | Killed a two-headed ogre
 10028 | D:8      | Reached XP level 11. HP: 27/62 MP: 12/12
 10205 | D:8      | Found a staircase to the Lair.
 10428 | Lair:1   | Entered Level 1 of the Lair of Beasts
 10465 | Lair:1   | Noticed a four-headed hydra
 10562 | Lair:1   | Killed a four-headed hydra
 10652 | Lair:1   | Noticed Grum
 10662 | Lair:1   | Killed Grum
 10786 | Lair:1   | Noticed Harold
 10807 | Lair:1   | Killed Harold
 10947 | Lair:1   | Noticed Urug
 10959 | Lair:1   | Killed Urug
 10960 | Lair:1   | Reached skill level 17 in Polearms
 10960 | Lair:1   | Reached skill level 10 in Dodging
 11797 | Lair:2   | Noticed Erica
 11805 | Lair:2   | Killed Erica
 11815 | Lair:2   | Reached skill level 10 in Fighting
 12138 | Lair:2   | Reached XP level 12. HP: 69/69 MP: 13/13
 12268 | Lair:2   | Reached ****** piety under Hepliaklqana
 12276 | Lair:2   | Noticed an eight-headed hydra
 12787 | Lair:2   | Slain by a cane toad

Illustrated notes

Levels and vault maps discovered:
D:1:      lightli_arrival_lavapool, layout_loops_ring, basic_ecumenical_altar,
          minmay_worlds_worst_comb
D:2:      layout_rooms, serial_corexii_hall, corexii_hall_statues_l,
          chequers_hall_statues_wall_a, minmay_shallow_snake_nest
D:3:      layout_loops_ring, nicolae_overflow_crystal_walls, serial_rivers,
          chequers_serial_rivers_micro_a, chequers_serial_rivers_micro_e,
          chequers_serial_rivers_marsh, chequers_serial_rivers_small_a,
          serial_shops, nicolae_shop_crystal
D:4:      layout_loops_ring, minmay_temple_entry_junction_2,
          minmay_misc_feat_secret_circle, uniq_edmund, uniq_menkaure
D:5:      layout_basic, uniq_duvessa, uniq_sigmund
D:6:      layout_loops_ring, uniq_blork_the_orc
D:7:      layout_layer_cave, enter_bailey_5, hellmonk_ghost_happy_afterlife
D:8:      layout_basic, lair_entry_dummy, uniq_gastronok
Lair:1:   layout_long_grid, infiniplex_staircase_pool, uniq_harold, uniq_urug,
          uniq_grum
Lair:2:   layout_big_grid, serial_bayou_pond_a, amcnicky_mini_pool_medium,
          grunt_megastairs_5, uniq_erica

Skill      XL: |  1  2  3  4  5  6  7  8  9 10 11 |
---------------+----------------------------------+-----
Polearms       | 4 5 6 7 10 16 17 | 17.8
Dodging        | 4 5 6 7 9 11 | 11.4
Fighting       | 4 5 6 7 8 10 | 10.4
Stealth        | |  2.0

Action                   |  1- 3 |  4- 6 |  7- 9 | 10-12 || total
-------------------------+-------+-------+-------+-------++-------
Melee: Spear             |    67 |    47 |       |       ||   114
       Kick              |    14 |    15 |    37 |    50 ||   116
       Peck              |     6 |    11 |    14 |    28 ||    59
       Hand axe          |       |     9 |       |       ||     9
       Punch             |       |     1 |       |     1 ||     2
       Trident           |       |    49 |    99 |    16 ||   164
       Halberd           |       |       |    59 |       ||    59
       Bardiche          |       |       |    15 |   183 ||   198
Throw: Stone             |    23 |       |       |       ||    23
       Javelin           |       |       |    16 |    15 ||    31
       Throwing net      |       |       |       |     2 ||     2
Invok: Ancestor Life: Kn |     1 |       |       |       ||     1
       Ancestor Identity |     1 |       |       |       ||     1
       Recall Ancestor   |       |     2 |     3 |     6 ||    11
       Transference      |       |       |     2 |     1 ||     3
Evoke: Wand              |       |       |     3 |     4 ||     7
  Use: Scroll            |       |       |    10 |     2 ||    12
       Potion            |       |       |     2 |     2 ||     4
 Stab: Sleeping          |     3 |     9 |     1 |       ||    13
       Distracted        |       |     1 |     1 |     2 ||     4
       Paralysed         |       |       |     3 |       ||     3
Armor: Robe              |     9 |     5 |       |       ||    14
       Scale mail        |       |       |    23 |    35 ||    58
Dodge: Dodged            |    21 |    40 |    86 |   108 ||   255
